[Event "Titled Tuesday Blitz April 12 Early 2022"]
[White "Myshakov, Fyodor"]
[Black "Estrada Nieto, Julian"]
[WhiteFideId "14111284"]
[BlackFideId "5101018"]
[WhiteElo "2310"]
[BlackElo "2252"]
[Result "0-1"]
[Round "08"]
[TimeControl "180+1"]
[Date "2022.04.13"]
[WhiteClock "0:01:33"]
[BlackClock "0:01:46"]

1. c4 e5 2. Nc3 Nf6 3. Nf3 Nc6 4. g3 d5 5. cxd5 Nxd5 6. Bg2 Nb6 7. O-O Be7 8. d3 O-O 9. Be3 f5 10. Bxb6 axb6 11. Qb3+ Kh8 12. Rfd1 Bf6 13. a3 Re8 14. e3 Be6 15. Qc2 Qd7 16. Ne2 Na5 17. Qc3 Nb3 18. Rab1 Qd6 19. d4 exd4 20. Nfxd4 Nxd4 21. exd4 Bd5 22. Bxd5 Qxd5 23. f4 Rxe2 0-1


[Site "https://www.chess.com"]

[Event "Titled Tuesday Blitz April 12 Early 2022"]
[White "Nakamura, Hikaru"]
[Black "Abdusattorov, Nodirbek"]
[WhiteFideId "2016192"]
[BlackFideId "14204118"]
[WhiteElo "2850"]
[BlackElo "2663"]
[Result "0-1"]
[Round "08"]
[TimeControl "180+1"]
[Date "2022.04.12"]
[WhiteClock "0:00:29"]
[BlackClock "0:00:22"]

1. Nf3 Nf6 2. b3 g6 3. Bb2 Bg7 4. d4 d5 5. e3 O-O 6. c4 b6 7. Nc3 Bb7 8. Rc1 Nbd7 9. Be2 c5 10. O-O Rc8 11. cxd5 Nxd5 12. Nxd5 Bxd5 13. Ba6 Rc7 14. Qe2 Qa8 15. Rfd1 Nb8 16. Bd3 Bxf3 17. gxf3 Qd5 18. Be4 Qg5+ 19. Kh1 Nd7 20. f4 Qh4 21. b4 Rfc8 22. bxc5 bxc5 23. d5 Bxb2 24. Qxb2 c4 25. Qe2 c3 26. Bf3 Qf6 27. Bg4 Rb8 28. Rc2 Nc5 29. Rd4 h5 30. Bh3 Nb7 31. Rb4 Rd8 32. Bg2 Nd6 33. Qf3 Nf5 34. e4 Nd4 35. Rxd4 Qxd4 36. f5 Rb8 37. h4 Rb2 38. fxg6 fxg6 39. Qg3 Rxc2 40. Qxg6+ Kf8 41. Qh6+ Qg7 42. Qf4+ Qf6 43. Qxc7 0-1


[Site "https://www.chess.com"]

[Event "Titled Tuesday Blitz April 12 Early 2022"]
[White "Namitbir Singh Walia"]
[Black "Maltsevskaya, Aleksandra"]
[WhiteFideId "35071068"]
[BlackFideId "24174041"]
[WhiteElo "1565"]
[BlackElo "2235"]
[Result "0-1"]
[Round "08"]
[TimeControl "180+1"]
[Date "2022.04.13"]
[WhiteClock "0:00:10"]
[BlackClock "0:00:58"]

1. d4 Nf6 2. c4 b6 3. Nf3 Bb7 4. g3 g6 5. Bg2 Bg7 6. O-O O-O 7. Nc3 Ne4 8. Qc2 Nxc3 9. bxc3 d6 10. a4 Nc6 11. Nd2 Na5 12. e4 e5 13. Bb2 c5 14. d5 Ba6 15. Qd3 f5 16. Rae1 f4 17. Bh3 h5 18. f3 Qg5 19. Kg2 fxg3 20. hxg3 h4 21. Be6+ Kh7 22. g4 Qf4 23. Rf2 Qg3+ 24. Kf1 Bh6 25. Rg2 Bxd2 26. Rxg3 Bxc4 27. Qxc4 Nxc4 0-1


[Site "https://www.chess.com"]

[Event "Titled Tuesday Blitz April 12 Early 2022"]
[White "Narayanan, Srinath"]
[Black "Grandelius, Nils"]
[WhiteFideId "5018420"]
[BlackFideId "1710400"]
[WhiteElo "2472"]
[BlackElo "2617"]
[Result "1-0"]
[Round "08"]
[TimeControl "180+1"]
[Date "2022.04.12"]
[WhiteClock "0:00:07"]
[BlackClock "0:00:02"]

1. Nf3 d5 2. e3 Nf6 3. c4 e6 4. b3 b6 5. Bb2 Bd6 6. Nc3 a6 7. Rc1 O-O 8. g3 Bb7 9. cxd5 exd5 10. Bg2 d4 11. Ne2 dxe3 12. dxe3 Bb4+ 13. Bc3 Qxd1+ 14. Rxd1 Bxc3+ 15. Nxc3 Nbd7 16. O-O Rfd8 17. Nd4 Bxg2 18. Kxg2 Ne5 19. f4 Neg4 20. Nc2 Re8 21. Rfe1 Ne4 22. Nxe4 Rxe4 23. Kf3 f5 24. h3 Nf6 25. Nd4 g6 26. g4 fxg4+ 27. hxg4 Rae8 28. Nc6 g5 29. Ne5 Re7 30. Rd8+ Kg7 31. Red1 a5 32. R1d3 a4 33. Rc8 axb3 34. axb3 h5 35. gxh5 gxf4 36. exf4 Re1 37. Kf2 Rh1 38. Rg3+ Kh7 39. Ng6 Ne4+ 40. Kg2 Nxg3 41. Nxe7 Re1 42. Kxg3 Rxe7 43. Kg4 1-0


[Site "https://www.chess.com"]

[Event "Titled Tuesday Blitz April 12 Early 2022"]
[White "Noboa Silva, Kevin"]
[Black "Buscar, Michael"]
[WhiteFideId "3618471"]
[BlackFideId "2603616"]
[WhiteElo "2172"]
[BlackElo "2010"]
[Result "1-0"]
[Round "08"]
[TimeControl "180+1"]
[Date "2022.04.13"]
[WhiteClock "0:01:20"]
[BlackClock "0:00:05"]

1. e4 c5 2. c3 Nf6 3. e5 Nd5 4. d4 cxd4 5. cxd4 Nc6 6. Nf3 d6 7. Bc4 e6 8. O-O Be7 9. Qe2 Nb6 10. Bb3 Bd7 11. Rd1 Na5 12. Bc2 Rc8 13. Nc3 Qc7 14. Bf4 d5 15. Rac1 Nac4 16. Bb3 a5 17. Bg3 a4 18. Bxc4 Qxc4 19. Qe3 Qa6 20. Qf4 h6 21. Qg4 g5 22. Ne1 Nc4 23. Nd3 a3 24. b3 Nb2 25. Nxb2 axb2 26. Rc2 Bb4 27. Qf3 Qa3 28. h4 Ke7 29. Qf6+ Ke8 30. Qxh8+ Bf8 31. hxg5 1-0


[Site "https://www.chess.com"]

[Event "Titled Tuesday Blitz April 12 Early 2022"]
[White "Nugumanov, Bakhtiyar"]
[Black "Girinath, P.D.S."]
[WhiteFideId "13701797"]
[BlackFideId "5000572"]
[WhiteElo "2262"]
[BlackElo "2369"]
[Result "0-1"]
[Round "08"]
[TimeControl "180+1"]
[Date "2022.04.13"]
[WhiteClock "0:00:01"]
[BlackClock "0:01:08"]

1. Nf3 Nf6 2. c4 g6 3. Nc3 Bg7 4. e4 d6 5. d4 O-O 6. Be2 e5 7. O-O exd4 8. Nxd4 Re8 9. f3 Nc6 10. Be3 Nh5 11. Nc2 Be5 12. Qd2 Qh4 13. f4 Bxc3 14. Qxc3 Rxe4 15. Bf3 Re8 16. Bf2 Qf6 17. Nd4 Nxf4 18. Nxc6 Qxc3 19. bxc3 bxc6 20. Bxc6 Be6 21. Bxa8 Rxa8 22. Rfb1 Bxc4 23. Rb7 c5 24. Rd1 Nd3 25. Bg3 d5 26. Rc7 Re8 27. Rxa7 f5 28. a4 f4 29. Bf2 Re2 30. Bxc5 Nxc5 31. Ra8+ Kf7 32. a5 Ra2 33. Rf1 g5 34. Re1 Ne4 35. Ra7+ Kg6 36. a6 Rxa6 37. Rc7 Ra2 38. Rc5 Nxc5 0-1


[Site "https://www.chess.com"]

[Event "Titled Tuesday Blitz April 12 Early 2022"]
[White "Odegov, Artem"]
[Black "Zaksaite, Salomeja"]
[WhiteFideId "34183644"]
[BlackFideId "12801496"]
[WhiteElo "2286"]
[BlackElo "1953"]
[Result "0-1"]
[Round "08"]
[TimeControl "180+1"]
[Date "2022.04.13"]
[WhiteClock "0:01:35"]
[BlackClock "0:00:47"]

1. d4 Nf6 2. c4 g6 3. Nc3 d5 4. cxd5 Nxd5 5. e4 Nxc3 6. bxc3 Bg7 7. Bc4 c5 8. Ne2 Nc6 9. Be3 O-O 10. O-O Bg4 11. f3 cxd4 12. cxd4 Na5 13. Bd3 Be6 14. d5 Bxa1 15. Qxa1 f6 16. Rc1 Bd7 17. Nd4 Rc8 18. Bh6 Rxc1+ 19. Qxc1 Qc8 20. Qd2 Qc5 21. Be3 Nc4 22. Bxc4 Qxc4 23. h3 Rc8 24. Kh2 Qc3 25. Qf2 b6 26. Bh6 Rc4 27. Nb3 Qc2 28. Qg3 Rc8 29. d6 exd6 30. Qxd6 Qc7 31. e5 Qxd6 32. exd6 Rc6 33. Bf4 Kf7 34. h4 Rc4 35. Bg3 Ke6 36. Nd2 Rc2 37. Nb3 Rxa2 38. Nd4+ Kd5 39. Nb3 a5 40. h5 a4 41. Nc1 Rc2 42. Nd3 Rc4 43. hxg6 hxg6 44. Bf2 a3 45. Bh4 Rxh4+ 0-1


[Site "https://www.chess.com"]

[Event "Titled Tuesday Blitz April 12 Early 2022"]
[White "Oganian, Miran"]
[Black "Zhu, Jiner"]
[WhiteFideId "4122488"]
[BlackFideId "8608059"]
[WhiteElo "2357"]
[BlackElo "2281"]
[Result "0-1"]
[Round "08"]
[TimeControl "180+1"]
[Date "2022.04.12"]
[WhiteClock "0:00:03"]
[BlackClock "0:00:08"]

1. e4 c5 2. Nf3 Nc6 3. c3 d5 4. exd5 Qxd5 5. d4 Nf6 6. Be2 e6 7. O-O Be7 8. c4 Qd8 9. dxc5 Bxc5 10. Qxd8+ Kxd8 11. Nc3 a6 12. Bf4 Ke7 13. Rfd1 Rd8 14. Na4 Ba7 15. Bc7 Rd7 16. Nb6 Rxd1+ 17. Rxd1 Bxb6 18. Bxb6 Nd7 19. Bc7 b6 20. Ng5 h6 21. Bf3 hxg5 22. Bxc6 Ra7 23. Bd6+ Kf6 24. b4 Ne5 25. Bxe5+ Kxe5 26. a4 Rc7 27. b5 a5 28. Kf1 Bb7 29. Bxb7 Rxb7 30. Rd8 Rc7 31. Rb8 Rxc4 32. Rxb6 Rxa4 33. Rb7 Kf6 34. Ra7 Ra2 35. b6 Rb2 36. b7 a4 37. g3 a3 38. Kg2 g4 39. h3 gxh3+ 40. Kxh3 a2 41. Kg2 Rxb7 42. Rxa2 Rb4 43. Ra3 g5 44. Rf3+ Kg6 45. Ra3 g4 46. Ra8 Kf5 47. Ra7 f6 48. Ra5+ e5 49. Ra2 Rb3 50. Rc2 Kg5 51. Ra2 Rb5 52. Rc2 Ra5 53. Rb2 Ra3 54. Rc2 Rd3 55. Rb2 f5 56. Rb8 f4 57. gxf4+ exf4 58. Rg8+ Kf5 59. Rf8+ Ke4 60. Re8+ Kd4 61. Rd8+ Ke4 62. Re8+ Kd4 63. Rd8+ Kc3 64. Rg8 Kd2 65. Rxg4 f3+ 66. Kg3 Ke2 67. Re4+ Kd2 68. Re8 Rc3 69. Kf4 Ra3 70. Rb8 Rc3 71. Rb2+ Ke1 72. Kg3 Kf1 73. Ra2 Rb3 74. Ra7 Rc3 75. Rh7 Rb3 76. Re7 Rc3 77. Rf7 Ke2 78. Rf8 Rb3 79. Rh8 Ra3 80. Rh1 Rb3 81. Ra1 Rc3 82. Ra2+ Kf1 83. Kf4 Kg2 84. Ke4 Rc4+ 85. Ke3 Rc8 86. Rb2 Re8+ 87. Kd3 Re7 88. Ra2 Kf1 89. Rb2 Re2 90. Rb5 Kxf2 91. Rh5 Re7 92. Kd4 Rd7+ 93. Ke5 Rd8 94. Ke4 Re8+ 95. Kd4 Ke2 96. Rh8 Rxh8 0-1


[Site "https://www.chess.com"]

[Event "Titled Tuesday Blitz April 12 Early 2022"]
[White "Omariev, Maksim"]
[Black "Rudykh, Stepan"]
[WhiteFideId "4193423"]
[BlackFideId "4180321"]
[WhiteElo "2486"]
[BlackElo "2174"]
[Result "1-0"]
[Round "08"]
[TimeControl "180+1"]
[Date "2022.04.13"]
[WhiteClock "0:00:06"]
[BlackClock "0:00:02"]

1. g4 d5 2. Bg2 Bxg4 3. c4 e6 4. Qb3 Nf6 5. cxd5 exd5 6. Nc3 Nbd7 7. Nxd5 Nc5 8. Qe3+ Be6 9. Nxf6+ Qxf6 10. d4 Nd7 11. Bxb7 Rb8 12. Bc6 Bb4+ 13. Bd2 O-O 14. Nf3 Rfe8 15. Bxb4 Rxb4 16. Qc3 Rc4 17. Qe3 Rxc6 18. d5 Rb6 19. O-O Rxb2 20. Kh1 Kf8 21. Qa3+ Kg8 22. dxe6 Rxe6 23. Rad1 Nf8 24. Nd4 Reb6 25. Qxa7 c5 26. Nb3 Qc6+ 27. f3 Rxe2 28. Rd8 Qh6 29. Qc7 Rd6 30. Qxd6 1-0


[Site "https://www.chess.com"]

[Event "Titled Tuesday Blitz April 12 Early 2022"]
[White "Pajeken, Jakob Leon"]
[Black "Tanenbaum, Zachary"]
[WhiteFideId "12942839"]
[BlackFideId "2060850"]
[WhiteElo "2351"]
[BlackElo "2168"]
[Result "0-1"]
[Round "08"]
[TimeControl "180+1"]
[Date "2022.04.12"]
[WhiteClock "0:00:09"]
[BlackClock "0:00:16"]

1. d4 d5 2. Nf3 Bf5 3. c4 e6 4. Nc3 c6 5. Bg5 Qb6 6. Qd2 Nd7 7. Nh4 Bg4 8. h3 Bh5 9. g4 Bg6 10. Nxg6 hxg6 11. Bg2 Ngf6 12. c5 Qc7 13. Bf4 Qc8 14. O-O Be7 15. b4 Bd8 16. a4 Bc7 17. e3 e5 18. Bg3 O-O 19. f4 exd4 20. exd4 Re8 21. Rae1 Nf8 22. Bh4 Ne6 23. f5 Nf8 24. Bxf6 gxf6 25. fxg6 Nxg6 26. Rxf6 Rxe1+ 27. Qxe1 Qf8 28. Qf2 Qg7 29. h4 Bd8 30. Rf5 Bxh4 31. Qe3 Kf8 32. Ne2 Re8 33. Qd3 Qh6 34. b5 Bg5 35. a5 Nf4 36. Nxf4 Bxf4 37. a6 Re1+ 38. Qf1 Be3+ 39. Rf2 Bxf2+ 40. Kxf2 Qe3# 0-1


[Site "https://www.chess.com"]

[Event "Titled Tuesday Blitz April 12 Early 2022"]
[White "Palachev, Petr"]
[Black "Garv Gaur"]
[WhiteFideId "24129003"]
[BlackFideId "45030839"]
[WhiteElo "2339"]
[BlackElo "1950"]
[Result "1-0"]
[Round "08"]
[TimeControl "180+1"]
[Date "2022.04.13"]
[WhiteClock "0:01:27"]
[BlackClock "0:00:17"]

1. d4 d5 2. c4 e6 3. Nf3 Nf6 4. Nc3 Be7 5. Bf4 O-O 6. e3 Nbd7 7. c5 c6 8. h3 b6 9. b4 a5 10. a3 Ba6 11. Bxa6 Rxa6 12. O-O b5 13. Rb1 Qa8 14. Re1 Ne4 15. Nxe4 dxe4 16. Ne5 Nxe5 17. Bxe5 axb4 18. axb4 Ra4 19. Qg4 g6 20. Qxe4 f5 21. Qf3 Qa6 22. Rb3 Ra1 23. Rxa1 Qxa1+ 24. Kh2 Qa6 25. e4 fxe4 26. Qxe4 Qa2 27. Rf3 Rxf3 28. Qxf3 Qd5 29. Qe3 Bf8 30. Qf4 Qd8 31. Qf3 Qd7 32. Qf6 Bg7 33. Qxg7+ Qxg7 34. Bxg7 Kxg7 35. Kg3 Kf6 36. Kf4 g5+ 37. Ke4 h5 38. g4 hxg4 39. hxg4 Kf7 40. Ke5 Ke7 41. f3 Kf7 42. Kd6 Kf6 43. Kxc6 e5 44. d5 1-0


[Site "https://www.chess.com"]

[Event "Titled Tuesday Blitz April 12 Early 2022"]
[White "Papadiamandis, Elliot"]
[Black "Lach, Aleksandra"]
[WhiteFideId "36074160"]
[BlackFideId "1134299"]
[WhiteElo "2088"]
[BlackElo "2172"]
[Result "1/2-1/2"]
[Round "08"]
[TimeControl "180+1"]
[Date "2022.04.13"]
[WhiteClock "0:00:24"]
[BlackClock "0:00:13"]

1. e4 c5 2. Nc3 Nc6 3. Nge2 g6 4. g3 Bg7 5. Bg2 Nf6 6. O-O O-O 7. d3 d6 8. f4 Rb8 9. h3 Nd4 10. Be3 e5 11. f5 gxf5 12. exf5 Nxf5 13. Bg5 h6 14. Bd2 Nd4 15. Ne4 Nxe4 16. dxe4 Nxe2+ 17. Qxe2 f5 18. exf5 Bxf5 19. g4 Bg6 20. Bd5+ Kh8 21. Be3 Qh4 22. Kg2 b5 23. c3 h5 24. Bf2 Qg5 25. Be3 Qh4 26. Bf2 Qg5 27. Bg3 h4 28. Bf2 e4 29. Rad1 Qe5 30. Bxh4 Rxf1 31. Qxf1 e3 32. Bf3 Re8 33. Bg3 Qe6 34. Qe2 Be4 35. Rf1 Bd5 36. Bxd5 Qxd5+ 37. Kg1 Qxa2 38. Rf5 Qb1+ 39. Kg2 Qe4+ 40. Kh2 d5 41. Rh5+ Kg8 42. Rg5 d4 43. cxd4 cxd4 44. Qxb5 Qc2+ 45. Kh1 Qe4+ 46. Kh2 e2 47. Qc4+ Qe6 48. Qxe6+ Rxe6 49. Be1 d3 50. Kg2 Kf7 51. Rf5+ Ke7 52. Kf2 Bd4+ 53. Kf3 Bxb2 54. Rb5 Bc1 55. Rb7+ Kd6 56. Rxa7 d2 57. Bxd2 Bxd2 58. Ra6+ Ke7 59. Rxe6+ Kxe6 60. Kxe2 Bg5 61. Kf3 Kf6 62. Kg3 Kg6 63. h4 Be3 64. Kf3 Bc1 65. Ke4 Kf6 66. Kf3 Kg6 67. Kg3 Kf6 68. h5 Kg5 69. Kf3 Bd2 70. Ke2 Bc1 71. Kd1 Bf4 72. h6 Kxh6 73. Ke2 Kg5 74. Kf3 Bd6 75. Kg2 Kxg4 1/2-1/2


[Site "https://www.chess.com"]

[Event "Titled Tuesday Blitz April 12 Early 2022"]
[White "Piliczewski, Bogusz"]
[Black "Dwilewicz, Katarzyna"]
[WhiteFideId "1104144"]
[BlackFideId "1148486"]
[WhiteElo "1896"]
[BlackElo "1907"]
[Result "1-0"]
[Round "08"]
[TimeControl "180+1"]
[Date "2022.04.13"]
[WhiteClock "0:00:32"]
[BlackClock "0:00:02"]

1. d4 d5 2. Nf3 Nf6 3. Bf4 e6 4. e3 Bd6 5. Ne5 Nbd7 6. Nd2 Qe7 7. c3 c5 8. Bd3 O-O 9. Qe2 Re8 10. h4 Nf8 11. g4 N6d7 12. g5 Bxe5 13. dxe5 Ng6 14. Nf3 c4 15. Bc2 b5 16. h5 Nxf4 17. exf4 b4 18. Rg1 bxc3 19. bxc3 Qa3 20. Qd2 Rb8 21. Rb1 Ba6 22. Ke2 Nc5 23. g6 fxg6 24. hxg6 h6 25. Nd4 Qxa2 26. Ra1 Qb2 27. Rgb1 Nb3 28. Rxb2 Nxd2 29. Rxb8 Rxb8 30. Kxd2 Rb6 31. f5 exf5 32. Bxf5 Kf8 33. f4 Ke7 34. Ra5 Rb2+ 35. Bc2 Rb6 36. Rxd5 Bc8 37. Rc5 Bg4 38. Rxc4 h5 39. Rc7+ Ke8 40. Ba4+ Kd8 41. Rxa7 h4 42. Nc6+ Rxc6 43. Bxc6 h3 44. Ra8+ Kc7 45. Bd5 h2 46. Ke3 1-0


[Site "https://www.chess.com"]

[Event "Titled Tuesday Blitz April 12 Early 2022"]
[White "Pinheiro, Iung Alicio de O."]
[Black "Suarez Uriel, Adrian"]
[WhiteFideId "2104350"]
[BlackFideId "22230874"]
[WhiteElo "2576"]
[BlackElo "2316"]
[Result "1-0"]
[Round "08"]
[TimeControl "180+1"]
[Date "2022.04.13"]
[WhiteClock "0:00:35"]
[BlackClock "0:01:43"]

1. c4 e5 2. g3 Nf6 3. Bg2 h6 4. Nc3 Bb4 5. Nd5 Bc5 6. e3 Nxd5 7. cxd5 d6 8. b4 Bb6 9. Bb2 O-O 10. Ne2 a5 11. b5 Nd7 12. d4 exd4 13. Nxd4 a4 14. O-O a3 15. Bc3 Nc5 16. Rc1 Re8 17. Qc2 Bd7 18. Nf5 f6 19. Nxh6+ Kf8 20. Qg6 Qe7 21. Nf5 Qf7 22. Qh7 Qg8 23. Qh5 Ne4 24. Nh4 Nxc3 25. Ng6+ Kf7 26. Rxc3 Bxb5 27. Rb1 Bd7 28. Rxb6 cxb6 29. Rc7 Red8 30. Bh3 Rac8 31. Rxd7+ Rxd7 32. Bxd7 Rc1+ 33. Kg2 Qd8 34. Nh8+ Kg8 35. Be6+ Kf8 36. Qf7# 1-0


[Site "https://www.chess.com"]

[Event "Titled Tuesday Blitz April 12 Early 2022"]
[White "Plazuelo Pascual, Juan"]
[Black "Rustemov, Alexander"]
[WhiteFideId "32059566"]
[BlackFideId "4119002"]
[WhiteElo "2359"]
[BlackElo "2806"]
[Result "0-1"]
[Round "08"]
[TimeControl "180+1"]
[Date "2022.04.13"]
[WhiteClock "0:00:02"]
[BlackClock "0:00:37"]

1. d4 d5 2. c4 c6 3. Nc3 dxc4 4. e3 Be6 5. Nf3 Nf6 6. a4 h6 7. Ne5 c5 8. dxc5 Qc7 9. Nxc4 Qxc5 10. b3 Nc6 11. Ba3 Qg5 12. Nb5 Rc8 13. h4 Qg6 14. Be2 a6 15. Nb6 axb5 16. Nxc8 b4 17. Bxb4 Bxc8 18. Rc1 Bd7 19. Ba3 e5 20. Bxf8 Rxf8 21. O-O Bh3 22. g3 Bxf1 23. Bxf1 Ke7 24. Bg2 Rc8 25. b4 e4 26. Qb3 Qf5 0-1


[Site "https://www.chess.com"]

[Event "Titled Tuesday Blitz April 12 Early 2022"]
[White "Politov, Pavel Y."]
[Black "Lauridsen, Jesper Morch"]
[WhiteFideId "24110515"]
[BlackFideId "1401890"]
[WhiteElo "2090"]
[BlackElo "2315"]
[Result "0-1"]
[Round "08"]
[TimeControl "180+1"]
[Date "2022.04.13"]
[WhiteClock "0:00:05"]
[BlackClock "0:01:03"]

1. e4 c5 2. Nf3 d6 3. d4 cxd4 4. Nxd4 Nf6 5. Nc3 a6 6. Bg5 e6 7. f4 Qc7 8. Qf3 b5 9. O-O-O Bb7 10. a3 Be7 11. Bxf6 Bxf6 12. Bxb5+ axb5 13. Ndxb5 Qb6 14. Rxd6 Nc6 15. e5 Be7 16. Rd3 Nxe5 17. Qg3 Nxd3+ 18. Qxd3 Rd8 19. Qc4 O-O 20. Re1 Qf2 21. Rf1 Qe3+ 22. Kb1 Bf6 23. a4 Bxg2 24. Rc1 Bd5 25. Nxd5 exd5 26. Qa2 Qxf4 27. a5 Qb4 28. Nc7 Rb8 29. b3 Qd6 30. a6 Qxc7 31. Rd1 Rfe8 0-1


[Site "https://www.chess.com"]

[Event "Titled Tuesday Blitz April 12 Early 2022"]
[White "Potapova, Margarita"]
[Black "Muradov, Soltan"]
[WhiteFideId "14126869"]
[BlackFideId "14002108"]
[WhiteElo "2216"]
[BlackElo "1854"]
[Result "1-0"]
[Round "08"]
[TimeControl "180+1"]
[Date "2022.04.13"]
[WhiteClock "0:00:06"]
[BlackClock "0:00:02"]

1. c4 e5 2. g3 c6 3. d4 d6 4. Bg2 Nf6 5. Nc3 Be7 6. Nf3 Nbd7 7. O-O O-O 8. b3 a6 9. Bb2 Qc7 10. Rc1 Re8 11. e3 g6 12. Qe2 Bf8 13. Rfd1 Bg7 14. Na4 e4 15. Nd2 Qd8 16. d5 c5 17. Nc3 b5 18. Ncxe4 Ne5 19. Nxf6+ Bxf6 20. Ne4 Bg7 21. h3 f5 22. Nc3 bxc4 23. bxc4 Rb8 24. Rb1 Rb4 25. Ba1 Bd7 26. a3 Rxb1 27. Rxb1 Qa5 28. f4 Nf7 29. Nd1 Qxa3 30. Bxg7 Kxg7 31. Rb7 Ba4 32. Kh2 Bxd1 33. Qxd1 Rxe3 34. g4 Qc3 35. gxf5 Qf6 36. Qd2 Qd4 37. Qf2 Rd3 38. Qh4 Qf6 39. Qxf6+ Kxf6 40. fxg6 hxg6 41. Ra7 Rd4 42. Bf1 Rxf4 43. Kg2 Ne5 44. Rxa6 Nf7 45. Be2 Ke5 46. Ra7 Kd4 47. Re7 Rf6 48. Re6 Rf5 49. Rxg6 Rg5+ 50. Rxg5 Nxg5 51. h4 Nh7 52. Kg3 Nf6 53. Kf4 1-0


[Site "https://www.chess.com"]

[Event "Titled Tuesday Blitz April 12 Early 2022"]
[White "Pourkashiyan, Atousa"]
[Black "Simonovic, Miroslav"]
[WhiteFideId "12502014"]
[BlackFideId "919152"]
[WhiteElo "2247"]
[BlackElo "2043"]
[Result "0-1"]
[Round "08"]
[TimeControl "180+1"]
[Date "2022.04.13"]
[WhiteClock "0:00:21"]
[BlackClock "0:00:07"]

1. e4 c5 2. Nf3 Nc6 3. d4 cxd4 4. Nxd4 e5 5. Nb5 d6 6. N1c3 a6 7. Na3 b5 8. Nd5 Nf6 9. Bg5 Be7 10. Bxf6 Bxf6 11. c4 b4 12. Nc2 Rb8 13. Be2 O-O 14. O-O Bg5 15. Qd3 Be6 16. Rad1 Ne7 17. Ndxb4 Qa5 18. a3 Rbc8 19. Qxd6 Bxc4 20. Bxc4 Rxc4 21. Nd5 Nxd5 22. Rxd5 Rd8 23. Rxa5 Rxd6 24. Rxe5 f6 25. Rxg5 fxg5 26. Ne3 Rxe4 27. Rc1 Rd2 28. b4 Ra2 29. h3 Rxa3 30. Rc8+ Kf7 31. Rc7+ Re7 32. Rc6 Ra4 33. Rb6 h6 34. g4 Re4 35. Rb7+ Kf6 36. Kg2 Ra2 37. Kf3 Rf4+ 38. Kg3 Rfxf2 39. Rb8 Rfe2 40. Kf3 Re1 41. Nf5 Ra3+ 42. Kf2 Rb1 43. Rb6+ Ke5 44. Rd6 Rb2+ 45. Ke1 Ra1+ 46. Rd1 Rxd1+ 47. Kxd1 Rxb4 48. Nxg7 Rb3 49. Nf5 Rxh3 50. Kc2 Kf4 51. Nd4 Kxg4 52. Ne6 h5 53. Ng7 Kh4 54. Nf5+ Kg4 55. Nh6+ Kf3 56. Nf7 g4 57. Ng5+ Kf4 58. Ne6+ Kf3 59. Nd4+ Kf2 60. Nf5 g3 61. Kd2 g2 62. Ne3 g1=Q 63. Ng4+ Qxg4 64. Kc2 Kg3 65. Kd2 Kh4 66. Ke1 Qg2 0-1


[Site "https://www.chess.com"]

[Event "Titled Tuesday Blitz April 12 Early 2022"]
[White "Pranav, V"]
[Black "Ibadov, Dashgyn"]
[WhiteFideId "25060783"]
[BlackFideId "24107514"]
[WhiteElo "2868"]
[BlackElo "2544"]
[Result "1-0"]
[Round "08"]
[TimeControl "180+1"]
[Date "2022.04.13"]
[WhiteClock "0:00:46"]
[BlackClock "0:00:04"]

1. e4 e5 2. Nf3 Nc6 3. Nc3 Nf6 4. g3 d5 5. exd5 Nxd5 6. Bg2 Nxc3 7. bxc3 Bc5 8. O-O O-O 9. d3 Bg4 10. h3 Be6 11. Re1 Qd6 12. Ng5 Bd5 13. Ne4 Bxe4 14. Rxe4 f5 15. Re1 Rae8 16. Rb1 Bb6 17. a4 a5 18. Rb3 Qg6 19. Rf1 Kh8 20. Kh2 f4 21. Be4 Qf6 22. g4 f3 23. g5 Qe6 24. Bxf3 e4 25. Bxe4 Bxf2 26. Kg2 Bb6 27. Bf4 Ne5 28. Qh5 g6 29. Qh4 Rf7 30. Bxe5+ Qxe5 31. Rxf7 1-0


[Site "https://www.chess.com"]

[Event "Titled Tuesday Blitz April 12 Early 2022"]
[White "Reprintsev, Alexander"]
[Black "Uzuner, Tufan Can"]
[WhiteFideId "14100541"]
[BlackFideId "6300499"]
[WhiteElo "2108"]
[BlackElo "2168"]
[Result "1/2-1/2"]
[Round "08"]
[TimeControl "180+1"]
[Date "2022.04.13"]
[WhiteClock "0:00:11"]
[BlackClock "0:00:53"]

1. e4 c6 2. b3 d5 3. Qe2 dxe4 4. Nc3 Nf6 5. Nxe4 Nxe4 6. Qxe4 Nd7 7. Bb2 Nf6 8. Qe5 g6 9. O-O-O Bg7 10. Re1 Nh5 11. Qe3 Bxb2+ 12. Kxb2 Nf6 13. Nf3 Nd5 14. Qe5 f6 15. Qd4 Qb6 16. Qh4 Bd7 17. Bc4 Qc5 18. d4 Qd6 19. g3 b5 20. Bxd5 cxd5 21. Qf4 Qxf4 22. gxf4 Kf7 23. Re3 a5 24. Rhe1 e6 25. Rc3 Rhc8 26. a3 b4 27. Rxc8 Rxc8 28. axb4 axb4 29. Re3 Bb5 30. c3 Ke7 31. cxb4 Kd6 32. Rc3 Rb8 33. Nd2 Bc6 34. Ka3 Ra8+ 35. Kb2 Rb8 36. Ka3 Ra8+ 37. Kb2 Rb8 1/2-1/2


[Site "https://www.chess.com"]

[Event "Titled Tuesday Blitz April 12 Early 2022"]
[White "Rohith Krishna S"]
[Black "Dubov, Daniil"]
[WhiteFideId "46617051"]
[BlackFideId "24126055"]
[WhiteElo "2117"]
[BlackElo "2791"]
[Result "0-1"]
[Round "08"]
[TimeControl "180+1"]
[Date "2022.04.12"]
[WhiteClock "0:00:12"]
[BlackClock "0:00:07"]

1. d4 Nf6 2. c4 c5 3. d5 b5 4. cxb5 a6 5. b6 e6 6. Nc3 Nxd5 7. Nxd5 exd5 8. Qxd5 Nc6 9. Nf3 Rb8 10. a3 Be7 11. e3 Rxb6 12. Bd3 Bb7 13. Qh5 Na5 14. Bd2 Nb3 15. Rd1 Nxd2 16. Rxd2 g6 17. Qh6 Bf8 18. Qf4 Bg7 19. O-O O-O 20. b4 cxb4 21. axb4 Bc3 22. Rc2 Rxb4 23. Qd6 Rb6 24. Qa3 Bg7 25. Rfc1 h6 26. Qa4 Bc6 27. Qa5 Qb8 28. Nd4 Bxd4 29. exd4 Bb5 30. Bxb5 axb5 31. Rb1 Qb7 32. Rcb2 Rb8 33. Qb4 h5 34. h3 Qd5 35. Re1 Rc6 36. Re5 Qc4 37. Rxb5 Rxb5 38. Qxb5 Qxd4 39. Qb8+ Kg7 40. Kh2 Rf6 41. Re2 Rxf2 42. Re8 Qf4+ 43. Qxf4 Rxf4 44. Rd8 Rd4 45. Kg3 h4+ 46. Kf3 Rd2 47. g4 hxg3 48. Kxg3 Kf6 49. h4 Ke7 50. Rh8 Rd3+ 51. Kf4 Rd4+ 52. Ke5 Ra4 53. Kd5 Ra5+ 54. Ke4 Rh5 55. Ra8 Rxh4+ 0-1


[Site "https://www.chess.com"]

[Event "Titled Tuesday Blitz April 12 Early 2022"]
[White "Roman, Rodrigo"]
[Black "Sztokbant, Bernardo Vainzoff"]
[WhiteFideId "3701220"]
[BlackFideId "2115956"]
[WhiteElo "2001"]
[BlackElo "2225"]
[Result "0-1"]
[Round "08"]
[TimeControl "180+1"]
[Date "2022.04.13"]
[WhiteClock "0:00:49"]
[BlackClock "0:00:16"]

1. c4 e6 2. Nc3 d5 3. cxd5 exd5 4. d4 c6 5. Nf3 Bf5 6. Bf4 Bd6 7. Bxd6 Qxd6 8. Qb3 b6 9. e3 Nd7 10. Rc1 Ngf6 11. h3 O-O 12. Be2 Rfe8 13. O-O Re7 14. Nh2 Rae8 15. Ng4 Bxg4 16. hxg4 h6 17. Bf3 Qe6 18. Ne2 Qd6 19. Ng3 g6 20. Qa4 c5 21. Qxa7 cxd4 22. exd4 Qf4 23. Qa3 Qxd4 24. Rfd1 Qf4 25. Qd3 Ne5 26. Qd4 Nxf3+ 27. gxf3 Re1+ 28. Rxe1 Rxe1+ 29. Rxe1 Qxd4 30. Re2 Qd3 31. Kg2 d4 32. a4 Qd1 33. Re5 d3 34. Nf1 Qxa4 35. Re3 Qd4 36. Nd2 Nd5 37. Re4 Qxb2 38. Nc4 Qc3 39. Kf1 Kg7 40. f4 b5 41. Ne3 d2 42. Nd1 Qd3+ 43. Re2 Nxf4 44. Nc3 Nxe2 45. Kg2 Nxc3 46. f3 d1=Q 47. Kg3 Q3xf3+ 48. Kh4 g5+ 49. Kh5 Qh3# 0-1


[Site "https://www.chess.com"]